 Dungeon Crawl Stone Soup version 0.28-a0-863-g8cecda6153 (webtiles) character file.

Game seed: 3049080536743083768

103 mcbry74 the Cudgeller (level 4, -1/45 HPs)
             Began as a Troll Gladiator on Nov 16, 2021.
             Slain by an iguana (12 damage)
             ... on level 3 of the Dungeon.
             The game lasted 00:05:37 (924 turns).

mcbry74 the Cudgeller (Troll Gladiator)              Turns: 924, Time: 00:05:38

Health: -1/45      AC:  4    Str: 23    XL:     4   Next: 51%
Magic:  3/3        EV: 10    Int:  4    God:
Gold:   48         SH:  0    Dex: 17    Spells: 3/3 levels left

rFire   . . .      SeeInvis .   a - +0 flail
rCold   . . .      Faith    .   (no shield)
rNeg    . . .      Spirit   .   b - +0 robe
rPois   .          Reflect  .   c - +0 hat
rElec   .          Harm     .   n - scarf {repulsion}
rCorr   .          Rampage  .   (gloves unavailable)
Will    .....                   (boots unavailable)
Stlth   ++........              (no amulet)
HPRegen 1.15/turn               e - +6 ring of dexterity
MPRegen 0.08/turn               (no ring)

@: repel missiles
A: large, unfitting armour, claws 3, regeneration 1, shaggy fur 1, tough skin 1
a: no special abilities


You were on level 3 of the Dungeon.
You visited 1 branch of the dungeon, and saw 4 of its levels.

You collected 48 gold pieces.

Inventory:

Hand Weapons
 a - a +0 flail (weapon)
Missiles
 d - 3 throwing nets (quivered)
Armour
 b - a +0 robe (worn)
 c - a +0 hat (worn)
 n - a scarf of repulsion (worn)
Jewellery
 e - a +6 ring of dexterity (left claw)
 f - a ring of wizardry
Scrolls
 h - 3 scrolls of identify {unknown}
 i - a scroll of brand weapon {unknown}
 k - a scroll of immolation {unknown}
 l - a scroll of enchant weapon {unknown}
 o - a scroll of teleportation {unknown}
 p - a scroll of vulnerability {unknown}
Potions
 g - 2 potions of curing {unknown}
 j - a potion of heal wounds {unknown}
 m - a potion of lignification {unknown}


   Skills:
 + Level 3.0 Fighting
 + Level 3.9 Maces & Flails
 - Level 1.7 Throwing
 - Level 2.4 Dodging


You had 3 spell levels left.
You didn't know any spells.
Your spell library contained the following spells:

 Spells                   Type           Power      Damage    Failure   Level
 Conjure Flame            Conj/Fire      0%         6-21      86%         3
 Ignite Poison            Fire/Tmut/Pois 0%         N/A       86%         3
 Sticky Flame             Conj/Fire      0%         2d3       99%         4


Dungeon Overview and Level Annotations

Branches:
Dungeon (4/15)
 Temple: D:4-7

Altars:

Shops:
D:4 [


Innate Abilities, Weirdness & Mutations

You are too large for most types of armour.
You have claws for hands.
Your natural rate of healing is unusually fast.
You are covered in fur. (AC +1)
You have tough skin. (AC +1)


Message History

The hound skeleton barely misses you.
You sock the hound skeleton!
You destroy the hound skeleton!
Your Fighting skill increases to level 3!
Found a dagger.
Found an escape hatch in the ceiling.
Found a stone staircase leading up.
You now have 48 gold pieces (gained 6).
There is an escape hatch in the ceiling here. 4 yaks come into view.
There is an escape hatch in the ceiling here.
You barely miss the yak.
The yak bellows! x2
The yak gores you!
The yak bellows!
You sock the yak!
The yak is lightly wounded.
The yak barely misses you.
You hit the yak but do no damage.
The yak is lightly wounded.
The yak closely misses you.
You thump the yak!
The yak is heavily wounded.
The yak gores you!
You barely miss the yak.
The yak is heavily wounded.
The yak gores you!
There is an escape hatch in the ceiling here.
A mysterious force pulls you upwards. The hatch slams shut behind you.
The iguana hisses angrily.
Found a long sword.
The iguana closely misses you.
You barely miss the iguana. The iguana closely misses you.
You barely miss the iguana. The iguana barely misses you.
You barely miss the iguana. The iguana bites you!
You closely miss the iguana. The iguana barely misses you.
You completely miss the iguana. The iguana bites you!
* * * LOW HITPOINT WARNING * * *
The iguana bites you!
You die...

..................#..###..#...#
.>.###...).......<##......#####
....##..............###...#
.......................####
...........................
...........................
........ ...........<.#####
...... ............## ....
.......@>..## .. ........l.##
..........# ..........#
........... ...........#
........)#.# #........#.#


You could see an iguana.

Vanquished Creatures
  2 hound skeletons (D:4)
  4 adders
  A worm (D:3)
  2 dart slugs (D:1)
  4 bats
  4 endoplasms (D:1)
  3 goblins
  6 hobgoblins
  A quokka (D:2)
  5 ball pythons
  2 frilled lizards (D:1)
  4 rats
38 creatures vanquished.

Notes
Turn   | Place    | Note
-------+----------+-------------------------------------------
     0 | D:1      | mcbry74 the Troll Gladiator began the quest for the Orb.
     0 | D:1      | Reached XP level 1. HP: 19/19 MP: 0/0
   168 | D:1      | Reached XP level 2. HP: 28/28 MP: 1/1
   349 | D:1      | Reached XP level 3. HP: 35/35 MP: 2/2
   731 | D:3      | Reached XP level 4. HP: 41/44 MP: 3/3
   788 | D:4      | Found Laing's Armour Boutique.
   907 | D:4      | Noticed a yak
   907 | D:4      | Noticed a yak
   907 | D:4      | Noticed a yak
   907 | D:4      | Noticed a yak
   924 | D:3      | Slain by an iguana

Illustrated notes

Levels and vault maps discovered:
D:1:      roderic_dead_forest, layout_basic
D:2:      layout_loops_ring, basic_altar, columned_hall_lemuel
D:3:      layout_rooms, shapermc_ecumenical_altar_mp_vishouse
D:4:      layout_loops_corners, tso_oasis_becter, nicolae_stop_n_shop_2,
          uniq_pikel, uniq_robin

Skill      XL: |  1  2  3  4 |
---------------+-------------+-----
Maces & Flails | 3 |  3.9
Fighting       | 2 3 |  3.0
Throwing       | |  1.7
Dodging        | |  2.4

Action                   |  1- 3 |  4- 6 || total
-------------------------+-------+-------++-------
Melee: Flail             |    99 |    20 ||   119
Armor: Robe              |    42 |     3 ||    45
Dodge: Dodged            |    60 |    12 ||    72

Table legend: (Time is in decaauts)
 A = Elapsed time spent in this place.
 B = Non-inter-level travel time spent in this place.
 C = Inter-level travel time spent in this place.
 D = Time resting spent in this place.
 E = Time spent auto-exploring this place.
 F = Levels seen in this place.
 G = Mean time per level.
                   A        B        C        D        E       F      G
               +--------+--------+--------+--------+--------+-----+--------+
         Total |    952 |    927 |     25 |      0 |    504 |   4 |  238.0 |
       Dungeon |    952 |    927 |     25 |      0 |    504 |   4 |  238.0 |
               +--------+--------+--------+--------+--------+-----+--------+

Top non-repeatable levels by time:
     D:1: 397 daAuts
     D:2: 293 daAuts
     D:4: 131 daAuts
     D:3: 129 daAuts
